 Dungeon Crawl Stone Soup version 0.30-a0-137-gd8773701ce (webtiles) character file.

Game seed: 15009302560897068609

2697 IdlyInterested the Fighter (level 9, 0/78 HPs)
             Began as a Demonspawn Gladiator on Sept 22, 2022.
             Slain by a gnoll sergeant
             ... wielding a +2 spear of venom
              (1 damage)
             ... on level 7 of the Dungeon.
             The game lasted 00:25:06 (6984 turns).

IdlyInterested the Fighter (Demonspawn Gladiator)   Turns: 6984, Time: 00:25:07

Health: 0/78       AC: 10    Str: 14    XL:     9   Next: 38%
Magic:  9/9        EV: 16    Int: 11    God:
Gold:   206        SH:  4    Dex: 18    Spells: 8/8 levels left

rFire   . . .      SeeInvis .    a - +1 rapier (chaos)
rCold   + . .      Faith    .    (no shield)
rNeg    . . .      Spirit   .    D - +3 leather armour {rC+}
rPois   .          Reflect  .    (helmet restricted)
rElec   .          Harm     .    L - +2 cloak
rCorr   .          Rampage  .    (no gloves)
Will    .....                    q - +0 pair of boots
Stlth   ++........               (no amulet)
HPRegen 0.23/turn                H - +4 ring of slaying
MPRegen 0.11/turn                n - +4 ring of evasion

@: lethally poisoned (0 -> -31), slowed, very slow
A: antennae 2, foul stench 1, condensation shield, weakness stinger 2
a: no special abilities


You were on level 7 of the Dungeon.
You visited 2 branches of the dungeon, and saw 8 of its levels.

You collected 415 gold pieces.
You spent 209 gold pieces at shops.

Inventory:

Hand Weapons
 a - a +1 rapier of chaos (weapon)
 w - a +2 dagger of speed
 x - a +4 great sword
 F - a +4 dagger
 K - a +0 spear
 O - a +1 antimagic halberd
 P - the +0 long sword of Plunder {flame, Drain Int+6}
   (You found it on level 6 of the Dungeon)

   It burns those it strikes, dealing additional fire damage.
   Big, fiery blades are also staple armaments of hydra-hunters.
   Int:       It affects your intelligence (+6).
   Drain:     It drains your maximum health when unequipped.
Missiles
 d - 3 throwing nets
 e - a javelin
 z - 5 poisoned darts (quivered)
Armour
 l - a +0 chain mail
 q - a +0 pair of boots (worn)
 r - a +0 scale mail
 u - a +0 ring mail
 D - a +3 leather armour of cold resistance (worn)
 L - a +2 cloak (worn)
 N - a +1 leather armour of fire resistance
Jewellery
 h - a ring of positive energy
 n - a +4 ring of evasion (right hand)
 s - a ring of fire
 y - a ring of magical power
 H - a +4 ring of slaying (left hand)
Wands
 b - a wand of roots (7)
 k - a wand of acid (13)
 v - a wand of paralysis (11)
 C - a wand of polymorph (9)
 E - a wand of mindburst (20)
Scrolls
 c - a scroll of fear
 g - 2 scrolls of enchant weapon
 o - 2 scrolls of teleportation
 A - a scroll of identify
 G - a scroll of fog
 Q - a scroll of enchant armour
Potions
 f - 3 potions of lignification
 i - 2 potions of heal wounds
 j - a potion of ambrosia
 m - a potion of brilliance
 p - 2 potions of berserk rage
 t - a potion of magic
 B - a potion of attraction
 M - a potion of invisibility


   Skills:
 * Level 9.8 Fighting
 + Level 6.7 Short Blades
 - Level 2.0 Throwing
 - Level 2.0 Armour
 - Level 2.6 Dodging
 - Level 2.0 Stealth
 * Level 3.9 Evocations


You had 8 spell levels left.
You didn't know any spells.
Your spell library contained the following spells:

 Spells                   Type           Power      Damage    Failure   Level
 Apportation              Tloc           0%         N/A       41%         1
 Foxfire                  Conj/Fire      0%         2x1d4     41%         1
 Necrotise                Necr           0%         1d4       41%         1
 Summon Small Mammal      Summ           0%         N/A       41%         1
 Cigotuvi's Dreadful Rot  Necr/Pois/Air  0%         N/A       54%         2
 Inner Flame              Hex/Fire       0%         N/A       78%         3
 Kindle Blastsparks       Fire/Tloc/Air  0%         2d10      78%         3
 Dispel Undead            Necr           0%         3d6       99%         4
 Flame Wave               Conj/Fire      0%         2d4       99%         4
 Death Channel            Necr           0%         N/A       100%        6


Dungeon Overview and Level Annotations

Branches:
Dungeon (7/15)             Temple (1/1) D:5

Altars:
Ashenzari
Dithmenos
Gozag
Kikubaaqudgha
Qazlal
Ru
Trog
Vehumet
Xom
Yredelemnul

Shops:
D:1 (   D:4 [   D:6 :

Annotations:
Abyss:1 Terence


Innate Abilities, Weirdness & Mutations

You have a pair of antennae on your head.
You may rarely emit foul miasma when damaged in melee.
A meltable shield of frost defends you. (SH +4)
You have a tail ending in a sharp stinger.


Message History

You destroy the wraith!
The gnoll sergeant hits you but does no damage.
A gnoll comes into view.
It is wielding a +0 halberd of protection.
The gnoll sergeant hits you from afar with a +2 spear of venom.
You are poisoned.
You feel very sick.
The gnoll sergeant hits you but does no damage.
You are more poisoned.
You barely miss the gnoll sergeant.
You feel very sick.
The gnoll shouts!
The gnoll sergeant completely misses you.
You barely miss the gnoll sergeant.
You feel very sick.
The gnoll sergeant completely misses you.
The gnoll sergeant hits you with a +2 spear of venom!
You are more poisoned.
You hit the gnoll sergeant. You freeze the gnoll sergeant.
The gnoll sergeant is lightly wounded.
You feel extremely sick.
The gnoll sergeant hits you with a +2 spear of venom!
You are lethally poisoned!
The gnoll closely misses you.
You puncture the gnoll sergeant! You freeze the gnoll sergeant.
The gnoll sergeant is severely wounded.
* * * LOW HITPOINT WARNING * * *
You feel extremely sick.
The gnoll sergeant hits you with a +2 spear of venom.
* * * LOW HITPOINT WARNING * * *
You are more poisoned.
The gnoll completely misses you.
The gnoll sergeant attacks as you move away!
The gnoll sergeant hits you with a +2 spear of venom.
* * * LOW HITPOINT WARNING * * *
You are more poisoned.
* * * LOW HITPOINT WARNING * * *
You feel extremely sick.
The gnoll sergeant completely misses you.
The gnoll sergeant hits you from afar with a +2 spear of venom.
You die...

#.# ###.##..... #.#
#.###.##. #.#
#.###.# #.# #......
#.# ###.. .# #.#
.###.#. #.#
##.#.....
#.#########g.......
#.##....@.gg.......
#.#.....###g.......
#........###.#.....
#........# .# #.##
##.......# .# #
##.....## .#
##...## .. ##### ##


You could see a gnoll sergeant and 3 gnolls.

Vanquished Creatures
  Grinder (D:6)
  A wraith (D:7)
  A wyvern (D:7)
  Eustachio (D:4)
  An ice beast (D:6)
  A black bear (D:4)
  A hornet zombie (D:6)
  An ogre (D:5)
  A phantom (D:5)
  4 necrophages (D:6)
  A scorpion (D:7)
  2 bullfrogs (D:7)
  3 wyvern zombies (D:6)
  2 wights (D:6)
  4 killer bees (D:6)
  A howler monkey (D:5)
  A centaur zombie (D:6)
  5 hounds
  A jelly (D:5)
  A human zombie (D:6)
  A gnoll bouda (D:6)
  3 iguanas
  5 orc wizards (D:7)
  A mummy (D:6)
  Robin (D:4)
  4 adders
  4 gnolls (D:6)
  A shadow imp (D:5)
  A white imp (D:6)
  4 worms
  2 dart slugs (D:4)
  9 orcs
  3 ball pythons
  9 bats
  6 endoplasms
  2 giant cockroaches
  15 goblins
  11 hobgoblins
  16 jackals
  4 kobolds
  A quokka (D:3)
  6 frilled lizards
  5 rats
148 creatures vanquished.

Notes
Turn   | Place    | Note
-------+----------+-------------------------------------------
     0 | D:1      | IdlyInterested the Demonspawn Gladiator began the quest for
                  | the Orb.
     0 | D:1      | Reached XP level 1. HP: 16/16 MP: 1/1
   193 | D:1      | Gained mutation: A meltable shield of frost defends you.
                  | (SH +4) [demonic ancestry]
   193 | D:1      | Reached XP level 2. HP: 23/23 MP: 2/2
   660 | D:1      | Found Wassos's Antique Weapon Emporium.
   828 | D:1      | Reached skill level 1 in Stealth
  1027 | D:2      | Discovered your monstrous ancestry.
  1027 | D:2      | Gained mutation: You have a pair of small antennae on your
                  | head. [demonic ancestry]
  1027 | D:2      | Reached XP level 3. HP: 27/28 MP: 3/3
  1050 | D:2      | Reached skill level 3 in Fighting
  1313 | D:2      | Noticed Terence
  1323 | D:2      | Banished Terence
  1324 | D:2      | Gained mutation: You have a pair of antennae on your head.
                  | [demonic ancestry]
  1324 | D:2      | Reached XP level 4. HP: 33/35 MP: 4/4
  2658 | D:3      | Found a faded altar of an unknown god.
  2889 | D:4      | Found Xisytune's Armour Shop.
  2891 | D:4      | Noticed Robin
  2917 | D:4      | Killed Robin
  2918 | D:4      | Gained mutation: You may rarely emit foul miasma when
                  | damaged in melee. [demonic ancestry]
  2918 | D:4      | Reached XP level 5. HP: 38/42 MP: 5/5
  2938 | D:4      | Reached skill level 4 in Fighting
  3144 | D:4      | Reached skill level 1 in Evocations
  3267 | D:4      | Noticed a black bear
  3276 | D:4      | Killed a black bear
  3277 | D:4      | Reached XP level 6. HP: 36/49 MP: 6/6
  3389 | D:4      | Noticed Edmund
  3409 | D:4      | Edmund changed into Edmund the iguana
  3409 | D:4      | Noticed Edmund
  3424 | D:4      | Killed Edmund the iguana
  3810 | D:4      | Noticed Eustachio
  3841 | D:4      | Killed Eustachio
  3842 | D:4      | Reached skill level 5 in Fighting
  4242 | D:4      | Bought a +2 leather armour of cold resistance for 209 gold
                  | pieces
  4256 | D:5      | Entered Level 5 of the Dungeon
  4487 | D:5      | Found a staircase to the Ecumenical Temple.
  4515 | D:5      | Reached XP level 7. HP: 57/57 MP: 7/7
  4536 | Temple   | Entered the Ecumenical Temple
  4700 | D:5      | Reached skill level 1 in Armour
  4707 | D:5      | Reached skill level 6 in Fighting
  5341 | D:6      | Reached skill level 7 in Fighting
  5341 | D:6      | Reached skill level 5 in Short Blades
  5342 | D:6      | Gained mutation: You have a small tail. [demonic ancestry]
  5342 | D:6      | Reached XP level 8. HP: 54/67 MP: 8/8
  5595 | D:6      | Found Yfeput's Vocational Training.
  5644 | D:6      | Noticed Grinder
  5649 | D:6      | Paralysed by Grinder for 3 turns
  5655 | D:6      | Killed Grinder
  5787 | D:6      | Reached skill level 8 in Fighting
  5972 | D:6      | Identified the +0 long sword of Plunder {flame, Drain
                  | Int+6}
  6257 | D:6      | Found an ancient bone altar of Kikubaaqudgha.
  6279 | D:6      | Reached skill level 9 in Fighting
  6309 | D:6      | Gained mutation: You have a tail ending in a sharp stinger.
                  | [demonic ancestry]
  6309 | D:6      | Reached XP level 9. HP: 48/76 MP: 9/9
  6554 | D:6      | Found a broken altar of Ashenzari.
  6984 | D:7      | HP: 1/78 [poisoned by a gnoll sergeant]
  6984 | D:7      | Slain by a gnoll sergeant

Illustrated notes

Levels and vault maps discovered:
D:1:      zaba_arrival_water, layout_loops_cross, serial_shops, shop
D:2:      layout_basic, dreamdust_princess_corridor, uniq_terence
D:3:      layout_loops_cross, shapermc_ecumenical_altar_flowoftime,
          minmay_misc_feat_four_crosses
D:4:      layout_loops_ring, serial_shops, nicolae_stop_n_shop_1,
          minmay_misc_feat_square, chequers_serial_rivers_large_a, uniq_robin,
          uniq_edmund, uniq_eustachio
D:5:      layout_rooms, minmay_temple_entry_trees
D:6:      layout_loops_ring, lemuel_mausoleum_altar_kikubaaqudgha,
          lemuel_round_altar, nicolae_shop_vocational, uniq_grinder
D:7:      layout_loops_ring, slow_altar_2, zin_treasury, grunt_ministairs_13
Temple:   compressed_dpeg_circular_temple

Skill      XL: |  1  2  3  4  5  6  7  8  9 |
---------------+----------------------------+-----
Stealth        | 1 2 |  2.0
Short Blades   | 3 4 5 6 |  6.7
Fighting       | 3 4 5 7 9 |  9.8
Evocations     | 1 2 3 |  3.9
Armour         | 2 |  2.0
Throwing       | 2 |  2.0
Dodging        | |  2.6

Action                   |  1- 3 |  4- 6 |  7- 9 || total
-------------------------+-------+-------+-------++-------
Melee: Rapier            |   143 |   234 |   216 ||   593
       Punch             |       |     2 |     1 ||     3
       Dagger            |       |    16 |       ||    16
       Tailslap          |       |       |    27 ||    27
Throw: Dart              |       |       |     5 ||     5
  Use: Scroll            |    10 |     6 |     3 ||    19
       Potion            |     1 |     3 |       ||     4
 Stab: Sleeping          |     1 |     3 |     5 ||     9
       Paralysed         |       |     1 |       ||     1
Armor: Leather armour    |    13 |     7 |    45 ||    65
       Ring mail         |    27 |    31 |       ||    58
       Chain mail        |    12 |       |       ||    12
       Scale mail        |       |    33 |       ||    33
Dodge: Dodged            |   111 |   160 |   129 ||   400
Block: Other             |    33 |    43 |    22 ||    98

Table legend: (Time is in decaauts)
 A = Elapsed time spent in this place.
 B = Non-inter-level travel time spent in this place.
 C = Inter-level travel time spent in this place.
 D = Time resting spent in this place.
 E = Time spent auto-exploring this place.
 F = Levels seen in this place.
 G = Mean time per level.
                   A        B        C        D        E       F      G
               +--------+--------+--------+--------+--------+-----+--------+
         Total |   6985 |   6349 |    636 |    569 |   4014 |   8 |  873.1 |
       Dungeon |   6885 |   6249 |    636 |    569 |   3930 |   7 |  983.6 |
        Temple |     99 |     99 |      0 |      0 |     84 |   1 |   99.0 |
               +--------+--------+--------+--------+--------+-----+--------+

Top non-repeatable levels by time:
     D:6: 1460 daAuts
     D:4: 1294 daAuts
     D:1: 1163 daAuts
     D:2: 1062 daAuts
     D:3: 839 daAuts
     D:5: 790 daAuts
     D:7: 274 daAuts
  Temple: 99 daAuts
